 Dungeon Crawl Stone Soup version 0.21-a0-238-geb0acef (webtiles) character file.

2452 Jeffwins the Carver (level 9, -3/102 (105) HPs)
             Began as a Hill Orc Fighter on Sept 3, 2017.
             Was a Believer of Okawaru.
             Slain by Prince Ribbit (7 damage)
             ... on level 8 of the Dungeon.
             The game lasted 00:11:34 (7618 turns).

Jeffwins the Carver (Hill Orc Fighter)              Turns: 7618, Time: 00:11:35

HP:   -3/102 (105)  AC: 24    Str: 26    XL:     9   Next: 50%
MP:   8/9           EV:  2    Int:  8    God:    Okawaru [**....]
Gold: 313           SH: 10    Dex: 11    Spells: 8/8 levels left

rFire    + . .     SeeInvis .   a - +1 long sword
rCold    . . .     Gourm    .   c - +0 shield
rNeg     + + +     Faith    .   (armour currently unavailable)
rPois    +         Spirit   .   (helmet currently unavailable)
rElec    .         Reflect  .   (cloak currently unavailable)
rCorr    .         Harm     .   (gloves currently unavailable)
MR       .....     NoTele   +   (boots currently unavailable)
Stlth    ++........             (no amulet)
HPRegen  0.27/turn              F - ring of protection from fire
MPRegen  0.11/turn              (no ring)

@: mighty, tree-form
A: no striking features
a: Heroism, Renounce Religion


You were on level 8 of the Dungeon.
You worshipped Okawaru.
Okawaru was pleased with you.
You were not hungry.
You were a tree.
You visited 2 branches of the dungeon, and saw 9 of its levels.

You collected 313 gold pieces.

Inventory:

Hand Weapons
 a - a +1 long sword (weapon)
 t - a +2 dagger of speed
Armour
 b - a +0 scale mail
 c - a +0 shield (worn)
 n - a +0 pair of gloves (melded)
 r - a cursed +0 leather armour (melded)
 v - a scarf of resistance (melded)
 E - a +1 plate armour
Jewellery
 D - an uncursed ring of fire
 F - a ring of protection from fire (left branch)
Wands
 x - a wand of random effects (22/48)
 B - a wand of random effects (25/48)
 C - a wand of paralysis (24/24)
Scrolls
 e - a scroll of immolation
 i - 3 scrolls of teleportation
 l - a scroll of identify
 p - a scroll of enchant armour
Potions
 k - a potion of cancellation
 u - 3 potions of flight
 w - a potion of invisibility
 z - a potion of agility
 G - a potion of magic
Comestibles
 f - 3 bread rations
 g - a chunk of flesh
 m - 4 meat rations
 o - 6 royal jellies


   Skills:
 - Level 3.6 Fighting
 + Level 13.0 Long Blades
 - Level 3.2 Armour
 - Level 2.0 Stealth
 - Level 3.2 Shields
 - Level 0.2 Evocations


You had 8 spell levels left.
You didn't know any spells.

Dungeon Overview and Level Annotations

Branches:
Dungeon (8/15)             Temple (1/1) D:4
   Lair: D:8-11

Altars:
Cheibriados
Dithmenos
Elyvilon
Fedhas
Gozag
Hepliaklqana
Kikubaaqudgha
Makhleb
Nemelex Xobeh
Okawaru
Qazlal
Ru
Sif Muna
Uskayaw
Vehumet
Wu Jian
Xom
Yredelemnul
The Shining One

Annotations:
D:8 Prince Ribbit


Message History

You kill the jackal!
Okawaru accepts your kill.
Evoke which item? (* to show all) (? for menu, Esc to quit)
Aiming: Paralyse (will waste charges)
Press: ? - help, Shift-Dir - straight line, f - Prince Ribbit
Aim: Prince Ribbit (chance to defeat MR: 28%)
Okay, then.
Unknown command.
You closely miss Prince Ribbit. Prince Ribbit hits you.
* * * LOW HITPOINT WARNING * * *
You closely miss Prince Ribbit. You block Prince Ribbit's attack.
A bullfrog comes into view.
You barely miss Prince Ribbit.
The bullfrog croaks.
You block Prince Ribbit's attack.
You barely miss Prince Ribbit.
You feel like a meek peon again. Prince Ribbit barely misses you.
You closely miss Prince Ribbit. Prince Ribbit hits you!
You die...

#####
....
...#
...
.F##
#..
#F###
#♣).#
#.###
###


You could see Prince Ribbit and a bullfrog.

Vanquished Creatures
  The ghost of derpindaisy the Slinger, a novice HaHu of Qazlal (D:7)
  A hippogriff (D:7)
  Menkaure (D:6)
  An ice beast (D:6)
  2 orc warriors
  A necrophage (D:5)
  2 ogres
  Blork the orc (D:6)
  2 bullfrogs
  A scorpion (D:4)
  4 howler monkeys
  3 crimson imps
  A bullfrog zombie (D:5)
  A centaur zombie (D:6)
  2 orc wizards
  A centaur skeleton (D:4)
  An orc priest (D:5)
  A bullfrog skeleton (D:4)
  A hound (D:7)
  An iguana (D:3)
  4 worker ants
  2 hound zombies
  9 adders
  2 shadow imps
  An ooze (D:3)
  3 adder skeletons
  4 worms
  A dart slug (D:1)
  7 leopard geckos
  17 orcs
  2 ball pythons
  3 giant cockroaches
  4 goblins
  3 hobgoblins
  5 jackals
  6 quokkas
  4 bats
  7 frilled lizards
  6 kobolds
  A leopard gecko skeleton (D:4)
  A quokka skeleton (D:6)
  13 rats
134 creatures vanquished.

Vanquished Creatures (others)
  An ogre (D:6)
  A jelly (D:6)
2 creatures vanquished.

Grand Total: 136 creatures vanquished

Notes
Turn   | Place    | Note
-------+----------+-------------------------------------------
     0 | D:1      | Jeffwins the Hill Orc Fighter began the quest for the Orb.
     0 | D:1      | Reached XP level 1. HP: 19/19 MP: 1/1
   257 | D:1      | Reached XP level 2. HP: 26/26 MP: 2/2
   332 | D:1      | Reached skill level 3 in Long Blades
   618 | D:2      | Found an opulent altar of Gozag.
   947 | D:2      | Reached XP level 3. HP: 31/31 MP: 3/3
  1030 | D:2      | Reached skill level 4 in Long Blades
  1571 | D:3      | Reached XP level 4. HP: 39/39 MP: 4/4
  2220 | D:3      | Reached skill level 5 in Long Blades
  2698 | D:4      | Noticed a bullfrog
  2713 | D:4      | Killed a bullfrog
  2713 | D:4      | Reached XP level 5. HP: 4/45 MP: 5/5
  2998 | D:4      | Reached skill level 6 in Long Blades
  2998 | D:4      | Reached skill level 1 in Stealth
  3000 | D:4      | Noticed an ogre
  3003 | D:4      | Reached XP level 6. HP: 44/51 MP: 6/6
  3148 | D:4      | Reached skill level 7 in Long Blades
  3527 | D:4      | Found a staircase to the Ecumenical Temple.
  3781 | D:4      | Reached XP level 7. HP: 17/57 MP: 7/7
  4188 | D:5      | Entered Level 5 of the Dungeon
  4239 | D:5      | Reached skill level 8 in Long Blades
  4764 | Temple   | Entered the Ecumenical Temple
  4886 | Temple   | Became a worshipper of Warmaster Okawaru
  5291 | D:5      | Reached skill level 9 in Long Blades
  5511 | D:5      | Found a burning altar of Makhleb.
  5755 | D:6      | Reached XP level 8. HP: 58/62 MP: 8/8
  5818 | D:6      | Reached * piety under Okawaru
  5954 | D:6      | Found a radiant altar of Vehumet.
  6123 | D:6      | Noticed Menkaure
  6129 | D:6      | Killed Menkaure
  6129 | D:6      | Reached skill level 10 in Long Blades
  6418 | D:6      | Noticed Blork the orc
  6431 | D:6      | Killed Blork the orc
  6655 | D:5      | Reached skill level 11 in Long Blades
  7460 | D:7      | Noticed derpindaisy's ghost (novice HaHu)
  7488 | D:7      | Killed derpindaisy's ghost
  7488 | D:7      | Reached ** piety under Okawaru
  7488 | D:7      | Reached skill level 12 in Long Blades
  7488 | D:7      | Reached XP level 9. HP: 42/68 MP: 7/9
  7557 | D:7      | Found a burning altar of Makhleb.
  7600 | D:8      | Noticed Prince Ribbit
  7608 | D:8      | HP: 4/102 [orc warrior/scimitar (8)]
  7610 | D:8      | Reached skill level 13 in Long Blades
  7614 | D:8      | HP: 3/102 [Prince Ribbit (2)]
  7618 | D:8      | Slain by Prince Ribbit

Vault maps used:
D:1:      dpeg_arrival_rhombus
D:2:      st_stairs_14, nicolae_gozag_seed_capital
D:3:      minmay_distorted
D:4:      temple_doors_e, minmay_joined_circles
D:5:      overflow_temple_1_default, first_bread
D:6:      fiery_altar_vehumet, uniq_blork_the_orc, uniq_menkaure
D:7:      kennysheep_six_static_rooms, bloody_makhleb
D:8:      overflow_temple_1_default, lemuel_crystal_altar, basic_altar,
          blue_anna_alchemist, uniq_prince_ribbit1
Temple:   kb_temple_of_zot

Skill      XL: |  1  2  3  4  5  6  7  8  9 |
---------------+----------------------------+-----
Long Blades    | 3 4 5 6 7 9 12 13 | 13.0
Stealth        | 1 2 |  2.0
Fighting       | |  3.6
Armour         | |  3.2
Shields        | |  3.2
Evocations     | |  0.2

Action                   |  1- 3 |  4- 6 |  7- 9 || total
-------------------------+-------+-------+-------++-------
Melee: Long sword        |   102 |   163 |   327 ||   592
Invok: Heroism           |       |       |     4 ||     4
Evoke: Wand              |       |       |     2 ||     2
  Use: Potion            |       |     1 |     2 ||     3
       Scroll            |       |       |    17 ||    17
 Stab: Sleeping          |       |       |     1 ||     1
  Eat: Chunk             |     1 |     8 |    11 ||    20
       Royal jelly       |       |       |     1 ||     1
Armor: Scale mail        |    35 |       |       ||    35
       Leather armour    |     2 |    34 |    63 ||    99
       Skin              |       |       |     1 ||     1
Dodge: Dodged            |    25 |    47 |    73 ||   145
Block: Shield            |    40 |    87 |   122 ||   249
       Rpst.: Long sword |    11 |    16 |    23 ||    50

Table legend:
 A = Spawn XP
 B = Non-spawn XP
 C = Spawn XP percentage of total XP
 D = Spawn monster count
 E = Non-spawn monster count
 F = Spawn count percentage of total count
 G = Total turns spent on level
                    A         B        C        D         E        F      G
               +---------+---------+-------+---------+---------+-------+---------
         Total |     347 |    3157 |   9.9 |      20 |     114 |  14.9 |  7618
               +---------+---------+-------+---------+---------+-------+---------
           D:1 |       0 |      20 |   0.0 |       0 |      12 |   0.0 |   602
           D:2 |       0 |      61 |   0.0 |       0 |      21 |   0.0 |   939
           D:3 |      33 |      79 |  29.5 |       6 |      15 |  28.6 |  1503
           D:4 |      96 |     404 |  19.2 |       3 |      15 |  16.7 |  1295
           D:5 |      28 |     508 |   5.2 |       7 |      20 |  25.9 |  1588
           D:6 |      49 |     824 |   5.6 |       3 |      19 |  13.6 |  1318
           D:7 |       0 |    1246 |   0.0 |       0 |      10 |   0.0 |   203
           D:8 |     141 |      15 |  90.4 |       1 |       2 |  33.3 |    18
               +---------+---------+-------+---------+---------+-------+---------
